 Dungeon Sprint DCSS version 0.21.1-1-g345015f (webtiles) character file.

6 Psiloshibe the Carver (level 6, -4/58 HPs)
             Began as a Barachi Berserker on June 24, 2018.
             Was a Priest of Trog.
             Slain by a porcupine (15 damage)
             ... in the Dungeon (Sprint VI: "Thunderdome").
             The game lasted 00:02:11 (174 turns).

Psiloshibe the Carver (Barachi Berserker)            Turns: 174, Time: 00:02:11

Health: -4/58      AC:  2    Str: 24    XL:     6   Next: 30%
Magic:  0/6        EV: 19    Int:  8    God:    Trog [***...]
Gold:   75         SH:  0    Dex: 11    Spells: 5/5 levels left

rFire    . . .     SeeInvis .   a - +0 falchion
rCold    . . .     Gourm    .   (no shield)
rNeg     + . .     Faith    .   b - +0 animal skin
rPois    +         Spirit   +   (no helmet)
rElec    +         Reflect  .   (no cloak)
rCorr    .         Harm     .   (no gloves)
MR       ++++.     NoTele   +   (no boots)
Stlth    +.........             n - amulet of Symmetry {Spirit Fragile rElec MR++}
HPRegen  1.19/turn              o - ring "Osiaho" {rPois EV+5}
MPRegen  0.10/turn              p - ring of Qiemeh {rPois rN+ Str+4}

@: berserk cooldown, regenerating, slowed, very slow
A: +LOS, swims, slowness 1, strong legs 1
a: Hop, Berserk, Trog's Hand, Burn Spellbooks, Renounce Religion


You were in the Dungeon.
You worshipped Trog.
Trog was most pleased with you.
You were very hungry.

You visited 1 branch You collected 210 gold pieces.
You spent 135 gold pieces at shops.

Inventory:

Hand Weapons
 a - a +0 falchion (weapon)
Missiles
 q - 2 javelins of penetration (quivered)
Armour
 b - a +0 animal skin (worn)
Jewellery
 n - the amulet of Symmetry (around neck) {Spirit Fragile rElec MR++}
   (You bought it in a shop in the Dungeon)

   [amulet of guardian spirit]

   It causes incoming damage to be split between your health and magic.
   It insulates you from electricity.
   It affects your resistance to hostile enchantments.
   It will be destroyed if unequipped.
 o - the ring "Osiaho" (left hand) {rPois EV+5}
   (You bought it in a shop in the Dungeon)

   [ring of evasion]

   It affects your evasion (+5).
   It protects you from poison.
 p - the ring of Qiemeh (right hand) {rPois rN+ Str+4}
   (You bought it in a shop in the Dungeon)

   [ring of positive energy]

   It affects your strength (+4).
   It protects you from poison.
   It protects you from negative energy.
Wands
 k - a wand of acid (5)
 l - a wand of iceblast (5)
Scrolls
 i - 4 scrolls of blinking
 m - 3 scrolls of fog
Potions
 d - a potion of curing
 e - 3 potions of heal wounds
 f - 4 potions of haste
 g - 2 potions of magic
 h - a potion of berserk rage
 j - a potion of resistance
Comestibles
 c - a ration


   Skills:
 + Level 9.1 Fighting
 + Level 9.5 Long Blades
 * Level 5.3 Throwing
 + Level 4.3 Armour
 + Level 5.2 Dodging


You had 5 spell levels left.
You didn't know any spells.

Dungeon Overview and Level Annotations

Branches:
Dungeon (1/1)

Altars:
Cheibriados
Dithmenos
Fedhas
Gozag
Kikubaaqudgha
Makhleb
Okawaru
Qazlal
Ru
Sif Muna
Trog
Uskayaw
Vehumet
Wu Jian
Xom
Yredelemnul
Zin
The Shining One
Beogh
Jiyva
Lugonu

Shops:
D *[%??*?*:[((!!!!


Innate Abilities, Weirdness & Mutations

Shadows flee at your approach. (+LOS)
You can swim through water.
You cover ground slowly.
You can hop short distances.


Message History

50...
The porcupine barely misses you. The rat barely misses you.
The porcupine closely misses you.
You closely miss the porcupine.
The porcupine is severely wounded.
The porcupine bites you.
* * * LOW HITPOINT WARNING * * *
The rat barely misses you.
Okay, then.
Your skin crawls.
You feel resistant to hostile enchantments.
You are feeling very hungry.
The porcupine barely misses you. The rat bites you.
* * * LOW HITPOINT WARNING * * *
The porcupine barely misses you. The rat barely misses you.
You feel the effects of Trog's Hand fading.
The porcupine closely misses you.
You riposte.
You hit the porcupine.
The porcupine is almost dead.
The rat misses you. The porcupine bites you!
You die...

###∩...[....8.# #.8........∩###
#....[........###.............##
⌠..........###...###..........⌠#
⌠..........# #.<.# #..........⌠#
⌠..........###...###..........⌠#
#.............###.............##
###∩........8.# #.8........∩###
##∩___......###......___∩##
######.8.....@...8.######
#⌠.....r%r...⌠# ###.........###
#_......._# #_......._#
#_......._# #∩.......∩#
##∩.....∩## ##.....##


You could see a porcupine and a rat.

Vanquished Creatures
  A porcupine (D)
  A phantom (D)
  2 wights (D)
  3 river rats (D)
  A bat skeleton (D)
  A giant cockroach zombie (D)
9 creatures vanquished.

Notes
Turn   | Place    | Note
-------+----------+-------------------------------------------
     0 | D        | Psiloshibe the Barachi Berserker began the quest for the Orb.
     0 | D        | Reached XP level 1. HP: 18/18 MP: 1/1
     0 | D        | Found a snail-covered altar of Cheibriados.
     0 | D        | Found a roughly hewn altar of Beogh.
     3 | D        | Found a deep blue altar of Sif Muna.
     3 | D        | Found a blossoming altar of Fedhas.
     3 | D        | Found an ancient bone altar of Kikubaaqudgha.
     4 | D        | Found a viscous altar of Jiyva.
     4 | D        | Found a stormy altar of Qazlal.
     5 | D        | Found Axodunt's Delicious Food.
     5 | D        | Found an opulent altar of Gozag.
     5 | D        | Found Foemuen's Identification Station.
     5 | D        | Found a radiant altar of Vehumet.
     5 | D        | Round 1.
     6 | D        | Found Ypletea's Jewellery.
     6 | D        | Found Olihebue's Advanced Armour.
     6 | D        | Found a burning altar of Makhleb.
     6 | D        | Found a hide-covered altar of Uskayaw.
     6 | D        | Found a shimmering altar of Xom.
    16 | D        | Bought a transparent graven amulet for 45 gold pieces
    16 | D        | Bought a faintly glowing lapis lazuli ring for 45 gold pieces
    16 | D        | Bought an ancient bronze ring for 45 gold pieces
    16 | D        | Identified the amulet of Symmetry {Spirit Fragile rElec MR++} (You bought it in a shop in the Dungeon)
    17 | D        | Identified the ring "Osiaho" {rPois EV+5} (You bought it in a shop in the Dungeon)
    18 | D        | Identified the ring of Qiemeh {rPois rN+ Str+4} (You bought it in a shop in the Dungeon)
    23 | D        | Noticed a wight
    25 | D        | Found Cuoxezin's Magic Scroll Shop.
    26 | D        | Found Uzuzake's Staff Store.
    27 | D        | Found Epifuana's Magic Scroll Shop.
    27 | D        | Found Qipparghi's Must-Have Magic.
    34 | D        | Killed a wight
    34 | D        | Reached skill level 5 in Fighting
    34 | D        | Reached skill level 5 in Long Blades
    34 | D        | Reached XP level 2. HP: 13/27 MP: 2/2
    34 | D        | Reached XP level 3. HP: 16/33 MP: 3/3
    38 | D        | Found a sacrificial altar of Ru.
    41 | D        | Found a bloodstained altar of Trog.
    42 | D        | Noticed a phantom
    42 | D        | Found a glowing silver altar of Zin.
    46 | D        | Found a shadowy altar of Dithmenos.
    46 | D        | Found a basalt altar of Yredelemnul.
    50 | D        | Noticed a phantom
    77 | D        | Reached ** piety under Trog
    77 | D        | Reached XP level 4. HP: 27/41 MP: 2/4
    82 | D        | Killed a phantom
    82 | D        | Reached XP level 5. HP: 25/49 MP: 2/5
   107 | D        | Arena points: 6 (+6) [x1]
   120 | D        | Round 2.
   121 | D        | Found an ornate altar of the Wu Jian Council.
   123 | D        | Found Docwaej's Distillery.
   124 | D        | Found Deemig's Distillery.
   124 | D        | Found Wypapor's Bottled Wisdom.
   125 | D        | Found an iron altar of Okawaru.
   125 | D        | Found a glowing golden altar of the Shining One.
   125 | D        | Found a corrupted altar of Lugonu.
   125 | D        | Found Cuajosost's Do-It-Yourself Clinic.
   144 | D        | Found Mapask's Weapon Rack.
   145 | D        | Noticed a porcupine
   145 | D        | Found Komm's Premium Goods.
   145 | D        | Found Oteugh's Basic Armour.
   145 | D        | Found Senefios's Miscellaneous Merchandise.
   152 | D        | Reached *** piety under Trog
   153 | D        | Killed a porcupine
   153 | D        | Reached skill level 5 in Throwing
   153 | D        | Reached skill level 5 in Dodging
   153 | D        | Reached XP level 6. HP: 50/58 MP: 6/6
   158 | D        | Received a gift from Trog
   166 | D        | Noticed a porcupine
   174 | D        | Slain by a porcupine

Skill      XL: |  1  2  3  4  5 |
---------------+----------------+-----
Fighting       | 5 6 7 9 |  9.1
Long Blades    | 5 6 8 9 |  9.5
Throwing       | 2 3 4 5 |  5.3
Armour         | 3 4 |  4.3
Dodging        | 3 4 5 |  5.2

Action                   |  1- 3 |  4- 6 || total
-------------------------+-------+-------++-------
Melee: Falchion          |    18 |    31 ||    49
Invok: Berserk           |     2 |     1 ||     3
       Trog's Hand       |       |     2 ||     2
  Use: Potion            |     1 |       ||     1
Armor: Animal skin       |     1 |     1 ||     2
Dodge: Dodged            |    18 |    31 ||    49
       Rpst.: Falchion   |     3 |     8 ||    11
